 Dungeon Crawl Stone Soup version 0.22-a0-149-g870e420 (webtiles) character file.

639 mhoghedin the Sneak (level 7, 0/36 HPs)
             Began as a Kobold Wizard on Feb 7, 2018.
             Was a Follower of Cheibriados.
             Slain by an ice beast (6 damage)
             ... on level 6 of the Dungeon.
             The game lasted 00:20:14 (7634 turns).

mhoghedin the Sneak (Kobold Wizard)                 Turns: 7634, Time: 00:20:15

Health: 0/36       AC:  6    Str:  7    XL:     7   Next: 80%
Magic:  0/13       EV: 15    Int: 23    God:    Cheibriados [*.....]
Gold:   192        SH:  0    Dex: 15    Spells: 1/14 levels left

rFire    + . .     SeeInvis .   f - +2 mace (holy)
rCold    . . .     Gourm    .   (shield restricted)
rNeg     . . .     Faith    .   q - +0 robe
rPois    .         Spirit   .   u - +1 hat
rElec    .         Reflect  .   i - +0 cloak
rCorr    .         Harm     .   p - +0 pair of gloves
MR       .....                  a - +0 pair of boots (curse)
Stlth    +++.......             r - amulet of regeneration {+regen, !d}
HPRegen  0.12/turn              l - ring of protection from fire {rF+, !d}
MPRegen  0.13/turn              (no ring)

@: very slow
A: small, carnivore
a: Bend Time, Renounce Religion


You were on level 6 of the Dungeon.
You worshipped Cheibriados.
Cheibriados was aware of your devotion.
You were full.

You visited 1 branch of the dungeon, and saw 6 of its levels.

You collected 192 gold pieces.

Inventory:

Hand Weapons
 b - a +1 dagger
   (You took it off a goblin on level 1 of the Dungeon)
 f - a +2 mace of holy wrath (weapon)
   (You found it on level 3 of the Dungeon)
Armour
 a - a cursed +0 pair of boots (worn)
   (You found it on level 4 of the Dungeon)
 i - a +0 cloak (worn)
   (You took it off Crazy Yiuf on level 3 of the Dungeon)
 p - a +0 pair of gloves (worn)
   (You found it on level 2 of the Dungeon)
 q - a +0 robe (worn)
 u - a +1 hat (worn)
   (You found it on level 5 of the Dungeon)
Jewellery
 l - a ring of protection from fire (left hand) {rF+, !d}
   (You found it on level 2 of the Dungeon)
 r - an amulet of regeneration (around neck) {+regen, !d}
   (You took it off an orc wizard on level 4 of the Dungeon)
Scrolls
 g - 4 scrolls of teleportation
 j - a scroll of immolation {!r}
 n - a scroll of fear
 o - 4 scrolls of remove curse
 s - 2 scrolls of fog
 t - a scroll of enchant weapon
Potions
 e - 2 potions of heal wounds
 h - 2 potions of curing
 m - a potion of brilliance
Books
 c - a book of Minor Magic
Comestibles
 d - 10 rations


   Skills:
 - Level 3.9 Short Blades
 - Level 2.4 Dodging
 - Level 5.6 Stealth
 - Level 4.2 Spellcasting
 - Level 3.7 Conjurations
 - Level 1.0 Summonings
 - Level 1.0 Translocations
 - Level 1.5 Fire Magic
 - Level 2.0 Air Magic
 - Level 2.0 Poison Magic
 + Level 1.7 Invocations


You had one spell level left.
You knew the following spells:

 Your Spells              Type           Power        Failure   Level  Hunger
a - Magic Dart            Conj           ###.         2%          1    None
b - Blink                 Tloc           N/A          10%         2    #......
c - Call Imp              Summ           #.......     10%         2    #......
d - Conjure Flame         Conj/Fire      ###.....     11%         3    ##.....
s - Slow                  Hex            #.......     16%         2    #......
x - Mephitic Cloud        Conj/Pois/Air  ###.....     11%         3    ##.....


Dungeon Overview and Level Annotations

Branches:
Dungeon (6/15)             Temple (0/1) D:5

Altars:
Cheibriados

Annotations:
D:5 anet's ghost, novice BaWn


Innate Abilities, Weirdness & Mutations

You are small and have problems with some larger weapons.
You are carnivorous and can eat meat at any time.


Message History

You barely miss the ice beast. The ice beast misses you.
A wyvern zombie comes into view.
You don't know that spell.
Unknown command.
The fire ignites!
The ice beast hits you but does no damage.
You now have 10/13 mp.
A beastly little devil appears in a puff of flame.
The ice beast closely misses you.
You now have 8/13 mp.
A beastly little devil appears in a puff of flame.
The ice beast barely misses you. Something bites your crimson imp!
Your crimson imp hits the ice beast but does no damage.
You now have 6/13 mp.
You swap places.
Something barely misses your crimson imp.
The ice beast barely misses your crimson imp.
Your crimson imp barely misses the ice beast.
Your crimson imp closely misses the ice beast.
Something closely misses your crimson imp.
The ice beast closely misses your crimson imp.
Something closely misses your crimson imp.
Your crimson imp hits the ice beast. x2; The ice beast misses your crimson imp.
Something closely misses your crimson imp.
Your crimson imp hits the ice beast.
Your crimson imp hits the ice beast but does no damage.
The ice beast hits your crimson imp. The ice beast freezes your crimson imp!
Your crimson imp is frozen!
Your crimson imp dies!
Something bites your crimson imp!
Your crimson imp dies!
Aim: an ice beast (moderately wounded)
The magic dart hits the ice beast.
You now have 6/13 mp.
Aim: an ice beast (heavily wounded)
Okay, then.
Unknown command.
Unknown command.
There is a stone staircase leading up here.
The fire ignites!
You now have 3/13 mp.
Aim: a wyvern zombie The magic dart hits the wyvern zombie.
You now have 2/13 mp.
You hit the wyvern zombie but do no damage.
The wyvern zombie is engulfed in blazing flames.
The wyvern zombie barely misses you.
You hit the wyvern zombie.
The wyvern zombie is engulfed in blazing flames.
The wyvern zombie bites you but does no damage.
You barely miss the wyvern zombie.
The wyvern zombie is engulfed in blazing flames.
The wyvern zombie bites you!
You take 16 damage, and have 20/36 hp.
MASSIVE DAMAGE!!
Unknown command.
You hit the wyvern zombie but do no damage.
The wyvern zombie is engulfed in blazing flames.
The wyvern zombie barely misses you.
You barely miss the wyvern zombie.
The wyvern zombie is engulfed in blazing flames.
The wyvern zombie bites you!
* * * LOW HITPOINT WARNING * * *
You take 12 damage, and have 8/36 hp.
MASSIVE DAMAGE!!
Unknown command.
You barely miss the wyvern zombie.
The wyvern zombie is engulfed in blazing flames.
You destroy the wyvern zombie!
Cheibriados thoroughly appreciates the change of pace.
Your Invocations skill increases to level 1!
Aim: an ice beast (heavily wounded)
The magic dart hits the ice beast.
You now have 2/13 mp.
Okay, then.
Unknown command.
You don't have enough magic to cast that spell.
Aim: an ice beast (heavily wounded)
The magic dart hits the ice beast.
You now have 1/13 mp.
Aim: an ice beast (heavily wounded)
The magic dart hits the ice beast.
The ice beast completely misses you.
You now have 0/13 mp.
You don't have enough magic to cast that spell.
Wield which item (- for none, * to show all)? (? for menu, Esc to quit)
Okay, then.
Unknown command.
You closely miss the ice beast.
The ice beast hits you but does no damage.
Aim: an ice beast (severely wounded)
The magic dart hits the ice beast.
The ice beast hits you but does no damage.
You now have 0/13 mp.
Wield which item (- for none, * to show all)? (? for menu, Esc to quit)
Your +2 mace of holy wrath softly glows with a divine radiance!
f - a +2 mace of holy wrath (weapon)
You hit the ice beast but do no damage. The ice beast hits you.
* * * LOW HITPOINT WARNING * * *
The ice beast freezes you.
You die...

#.. #.#
#.##.#
#.##.#
#.##.#
#.##.#
#.##.#
#@##.#
#Y##.#
#....####
#....Z..#
##.####.#
#.# .#
#^# .#
#.# .#
#.# Z#


You could see an ice beast.

Vanquished Creatures
  Eustachio (D:5)
  A wyvern zombie (D:6)
  A scorpion (D:4)
  2 hounds (D:5)
  A centaur skeleton (D:5)
  Crazy Yiuf (D:3)
  An orc priest (D:4)
  3 orc wizards
  A worker ant (D:4)
  3 adders
  An ooze (D:5)
  2 adder skeletons (D:4)
  A worm (D:3)
  2 dart slugs
  4 leopard geckos
  13 orcs
  2 bats
  7 giant cockroaches
  7 goblins
  4 hobgoblins
  7 jackals
  4 quokkas
  2 frilled lizards
  3 kobolds
  5 rats
79 creatures vanquished.

Vanquished Creatures (collateral kills)
  The ghost of p0werm0de the Skirmisher, a weakling VSCK of Xom (D:3)
  An adder (D:3)
  A worm (D:2)
  A giant cockroach (D:2)
  A jackal (D:3)
  A quokka (D:3)
6 creatures vanquished.

Grand Total: 85 creatures vanquished

Notes
Turn   | Place    | Note
-------+----------+-------------------------------------------
     0 | D:1      | mhoghedin the Kobold Wizard began the quest for the Orb.
     0 | D:1      | Reached XP level 1. HP: 10/10 MP: 4/4
   112 | D:1      | Reached skill level 3 in Stealth
   112 | D:1      | Reached XP level 2. HP: 12/15 MP: 6/6
   151 | D:1      | Reached skill level 1 in Short Blades
   183 | D:1      | Learned a level 2 spell: Blink
   186 | D:1      | Learned a level 2 spell: Call Imp
   189 | D:1      | Learned a level 2 spell: Slow
   855 | D:2      | Reached XP level 3. HP: 18/19 MP: 0/7
   860 | D:2      | Reached skill level 2 in Short Blades
  1628 | D:3      | Reached skill level 4 in Stealth
  2110 | D:3      | Reached XP level 4. HP: 18/24 MP: 1/9
  2314 | D:3      | Noticed p0werm0de's ghost (weakling VSCK)
  2336 | D:3      | Killed p0werm0de's ghost
  2390 | D:3      | Learned a level 3 spell: Mephitic Cloud
  2810 | D:3      | Reached skill level 4 in Spellcasting
  3029 | D:3      | Found a runed door.
  3347 | D:3      | HP: 6/24 [orc (5)]
  3901 | D:3      | Noticed Crazy Yiuf
  3929 | D:3      | Killed Crazy Yiuf
  3929 | D:3      | Reached skill level 3 in Short Blades
  3929 | D:3      | Reached XP level 5. HP: 22/28 MP: 2/11
  4094 | D:4      | Reached skill level 5 in Stealth
  4223 | D:4      | Found a snail-covered altar of Cheibriados.
  4317 | D:4      | Reached XP level 6. HP: 23/32 MP: 1/12
  4357 | D:4      | Became a worshipper of Cheibriados the Contemplative
  4484 | D:4      | Noticed an orc warrior
  4546 | D:5      | Entered Level 5 of the Dungeon
  4554 | D:5      | Noticed an ice beast
  4871 | D:4      | Reached skill level 1 in Air Magic
  4871 | D:4      | Reached skill level 1 in Poison Magic
  5018 | D:5      | Noticed anet's ghost (novice BaWn)
  5734 | D:4      | Reached skill level 2 in Conjurations
  5963 | D:4      | Learned a level 3 spell: Conjure Flame
  6105 | D:5      | Found a staircase to the Ecumenical Temple.
  6233 | D:5      | HP: 7/32 [orc wizard/magic dart (8)]
  6670 | D:5      | Reached skill level 3 in Conjurations
  6670 | D:5      | Reached XP level 7. HP: 23/36 MP: 8/13
  7055 | D:5      | Noticed Eustachio
  7084 | D:5      | Killed Eustachio
  7084 | D:5      | Reached skill level 1 in Fire Magic
  7353 | D:5      | Reached skill level 2 in Poison Magic
  7358 | D:5      | Reached skill level 2 in Air Magic
  7381 | D:5      | Reached * piety under Cheibriados
  7626 | D:6      | HP: 8/36 [wyvern zombie (12)]
  7627 | D:6      | Reached skill level 1 in Invocations
  7634 | D:6      | HP: 6/36 [ice beast (3)]
  7634 | D:6      | Slain by an ice beast

Vault maps used:
D:1:      dpeg_arrival_stonehenge_8_columns, minmay_strange_pillars
D:2:      first_ration
D:3:      minmay_fountain_box, uniq_crazy_yiuf_cottage
D:4:      cheibriados_altar_1, enter_ossuary_1
D:5:      minmay_temple_entry_enclosed_plants, serial_shops, shop,
          gup_sewer_entry_spiral, uniq_eustachio
D:6:      gammafunk_cloud_chamber, corner_web_ring

Skill      XL: |  1  2  3  4  5  6  7 |
---------------+----------------------+-----
Stealth        | 3 4 5 |  5.6
Short Blades   | 1 2 3 |  3.9
Spellcasting   | 4 |  4.2
Air Magic      | 1 2 |  2.0
Poison Magic   | 1 2 |  2.0
Conjurations   | 3 |  3.7
Fire Magic     | 1 |  1.5
Invocations    | 1 |  1.7
Dodging        | |  2.4
Summonings     | |  1.0
Translocations | |  1.0

Action                   |  1- 3 |  4- 6 |  7- 9 || total
-------------------------+-------+-------+-------++-------
Melee: Dagger            |   133 |   167 |    67 ||   367
       Quarterstaff      |       |    17 |       ||    17
       Mace              |       |       |     1 ||     1
 Cast: Magic Dart        |    37 |    65 |     7 ||   109
       Call Imp          |     7 |    17 |     2 ||    26
       Slow              |     1 |     1 |       ||     2
       Mephitic Cloud    |       |    19 |       ||    19
       Conjure Flame     |       |     2 |     3 ||     5
       Blink             |       |       |     3 ||     3
  Use: Scroll            |       |    10 |     1 ||    11
       Potion            |       |     4 |       ||     4
 Stab: Sleeping          |     2 |     4 |     1 ||     7
       Confused          |       |     8 |       ||     8
  Eat: Chunk             |     5 |    20 |     4 ||    29
Armor: Robe              |    13 |    28 |    18 ||    59
Dodge: Dodged            |   128 |   132 |    47 ||   307

Table legend:
 A = Spawn XP
 B = Non-spawn XP
 C = Spawn XP percentage of total XP
 D = Spawn monster count
 E = Non-spawn monster count
 F = Spawn count percentage of total count
 G = Total turns spent on level
                    A         B        C        D         E        F      G
               +---------+---------+-------+---------+---------+-------+---------
         Total |       0 |     914 |   0.0 |       0 |      85 |   0.0 |  7634
               +---------+---------+-------+---------+---------+-------+---------
           D:1 |       0 |      26 |   0.0 |       0 |      14 |   0.0 |   775
           D:2 |       0 |      16 |   0.0 |       0 |       9 |   0.0 |   764
           D:3 |       0 |     135 |   0.0 |       0 |      28 |   0.0 |  2619
           D:4 |       0 |     254 |   0.0 |       0 |      14 |   0.0 |  1933
           D:5 |       0 |     396 |   0.0 |       0 |      19 |   0.0 |  1510
           D:6 |       0 |      87 |   0.0 |       0 |       1 |   0.0 |    33
               +---------+---------+-------+---------+---------+-------+---------

Vault maps used:
D:1:      dpeg_arrival_stonehenge_8_columns, minmay_strange_pillars
D:2:      first_ration
D:3:      minmay_fountain_box, uniq_crazy_yiuf_cottage
D:4:      cheibriados_altar_1, enter_ossuary_1
D:5:      minmay_temple_entry_enclosed_plants, serial_shops, shop,
          gup_sewer_entry_spiral, uniq_eustachio
D:6:      gammafunk_cloud_chamber, corner_web_ring

Table legend:
 A = Turns spent in this place as a percentage of turns spent in the entire game.
 B = Non-inter-level travel turns spent in this place as a percentage of non-inter-level travel turns spent in the entire game.
 C = Inter-level travel turns spent in this place as a percentage of turns spent in this place.
 D = Turns resting spent in this place as a percentage of non-inter-level travel turns spent in this place.
 E = Turns spent auto-exploring this place as a percentage of non-inter-level travel turns spent in this place.
 F = Non-inter-level travel turns spent in this place divided by the number of levels of this place that you've seen.
                   A       B       C       D       E      F
               +-------+-------+-------+-------+-------+----------------------
         Total | 100.0 | 100.0 |   4.3 |  42.9 |  37.2 | 1217.3
       Dungeon | 100.0 | 100.0 |   4.3 |  42.9 |  37.2 | 1217.3
               +-------+-------+-------+-------+-------+----------------------

Table legend:
 A = Kills in this place as a percentage of kills in entire the game.
 B = Kills by you in this place as a percentage of kills by you in the entire game.
 C = Kills by friends in this place as a percentage of kills by friends in the entire game.
 D = Other kills in this place as a percentage of other kills in the entire game.
 E = Experience gained in this place as a percentage of experience gained in the entire game.
 F = Experience gained in this place divided by the number of levels of this place that you have seen.
                   A       B       C       D       E      F
               +-------+-------+-------+-------+-------+----------------------
         Total | 100.0 | 100.0 | 100.0 | 100.0 | 100.0 | 152.3
       Dungeon | 100.0 | 100.0 | 100.0 | 100.0 | 100.0 | 152.3
               +-------+-------+-------+-------+-------+----------------------
